 Dungeon Crawl Stone Soup version 0.32-a0-953-g508020473e (webtiles) character file.

Game seed: 12184426455651264832

543055 Autsider the Peltast (level 26, -2/193 HPs)
             Began as a Vine Stalker Warper on Apr 16, 2024.
             Was a High Priest of Okawaru.
             Slain by a rockslime (22 damage)
             ... created by the Royal Jelly
             ... on level 5 of the Pits of Slime.
             The game lasted 03:53:52 (50306 turns).

Autsider the Peltast (Vine Stalker Warper)         Turns: 50306, Time: 03:53:53

Health: -2/193     AC: 26    Str: 19    XL:     26   Next: 61%
Magic:  0/34       EV: 22    Int: 19    God:    Okawaru [*****.]
Gold:   2710       SH: 32    Dex: 27    Spells: 34/45 levels left

rFire   + . .        W - +9 quick blade (elec)
rCold   . . .        V - +0 tower shield
rNeg    + + .        g - melded +6 scale mail of the Several People {Harm *Corrode rPois Dex+3}
rPois   ∞            E - +2 hat {Will+}
rElec   +            C - scarf {repulsion}
rCorr   +            p - melded +2 pair of gloves {Dex+3}
SInv    +            f - melded +2 pair of boots {Fly}
Will    ++++.        A - amulet of Kitefiebo {Reflect Str+2 Int+3 Dex+4 SH+5}
Stlth   +++++        S - ring "Xuemaz" {Fly rF+ rN+ Int+3}
HPRegen 1.32/turn    b - ring "Jorauske" {rCorr EV+5}
MPRegen 0.24/turn

%: repel missiles, reflection, guardian spirit
@: about to teleport, statue-form, heroic, finesse-ful, corroded, flying,
studying Fighting, very slow
A: slow and powerful, torment resistance 1, boosted hp, fangs 3, regeneration 1,
magic shield, antimagic bite, no potion heal 2, see invisible, low MP 1
}: 2/15 runes: decaying, gossamer
a: Begin Untransformation, Renounce Religion, Heroism, Finesse, Duel


You were on level 5 of the Pits of Slime.
You worshipped Okawaru.
Okawaru was extremely pleased with you.
You were a living statue of rough stone.
You visited 10 branches of the dungeon, and saw 47 of its levels.
You also visited: Sewer, Ice Cave, Wizlab and Desolation.

You collected 5398 gold pieces.
You spent 2688 gold pieces at shops.

Inventory:

Hand Weapons
 W - a +9 quick blade of electrocution (weapon)
Missiles
 d - 22 darts of dispersal
 k - a datura-tipped dart
 t - 15 curare-tipped darts
 D - 3 throwing nets
 G - 27 javelins (quivered)
 R - 10 atropa-tipped darts
 Z - 18 silver javelins
Armour
 f - a +2 pair of boots of flying (melded)
 g - the +6 scale mail of the Several People (melded) {Harm *Corrode rPois Dex+3}
   (You found it on level 11 of the Dungeon)

   Dex+3:     It affects your dexterity (+3).
   rPois:     It protects you from poison.
   *Corrode:  It may corrode you when you take damage.
   Harm:      It increases damage dealt and taken.
 p - a +2 pair of gloves of dexterity (melded)
 C - a scarf of repulsion (worn)
 E - a +2 hat of willpower (worn)
 V - a +0 tower shield (worn)
Jewellery
 b - the ring "Jorauske" (right fist) {rCorr EV+5}
   (You found it on level 2 of the Vaults)

   [ring of evasion]

   EV+5:      It affects your evasion (+5).
   rCorr:     It protects you from acid and corrosion.
 s - a +4 ring of slaying
 x - the amulet of Pekk {rElec Regen+}
   (You found it on level 3 of the Lair of Beasts)

   [amulet of regeneration]

   rElec:     It insulates you from electricity.
   Regen+:    It increases your rate of health regeneration.
 y - a ring of willpower
 A - the amulet of Kitefiebo (around neck) {Reflect Str+2 Int+3 Dex+4 SH+5}
   (You bought it in a shop on level 3 of the Vaults)

   [amulet of reflection]

   Reflect:   It reflects blocked missile attacks.
   Str+2:     It affects your strength (+2).
   Int+3:     It affects your intelligence (+3).
   Dex+4:     It affects your dexterity (+4).
   SH+5:      It affects your SH (+5).
 L - the ring "Ceosuw" {Fire Str+3 SInv}
   (You took it off a deep elf sorcerer on level 3 of the Elven Halls)

   [ring of fire]

   Fire:      It enhances your fire magic.
   Str+3:     It affects your strength (+3).
   rF+:       It protects you from fire.
   rC-:       It makes you vulnerable to cold.
   SInv:      It lets you see invisible.
 S - the ring "Xuemaz" (left fist) {Fly rF+ rN+ Int+3}
   (You found it in the Desolation of Salt)

   [ring of flight]

   Int+3:     It affects your intelligence (+3).
   rF+:       It protects you from fire.
   rN+:       It protects you from negative energy.
   Fly:       It grants you flight.
Talismans
 q - a granite talisman (active)
Wands
 a - a wand of paralysis (29)
 r - a wand of warping (64)
 v - a wand of mindburst (37)
 B - a wand of polymorph (3)
 P - a wand of acid (15)
Scrolls
 c - 3 scrolls of blinking
 j - 12 scrolls of teleportation {@r2}
 J - 3 scrolls of vulnerability
 O - 8 scrolls of immolation
 Q - 2 scrolls of revelation
 T - 5 scrolls of silence
 U - 5 scrolls of fear
 X - 8 scrolls of fog
Potions
 e - 7 potions of enlightenment
 h - 4 potions of resistance
 i - 16 potions of curing {@q1}
 l - 4 potions of haste
 m - 3 potions of might
 n - 6 potions of ambrosia
 o - 8 potions of invisibility
 u - 6 potions of lignification
 w - 4 potions of magic
 z - 3 potions of berserk rage
 F - a potion of mutation
 K - 4 potions of cancellation
 M - 2 potions of brilliance
Miscellaneous
 H - a Gell's gravitambourine (2/2)
 I - a condenser vane


   Skills:
 + Level 18.9(23.9) Fighting
 - Level 14.0(19.0) Short Blades
 - Level 10.7(15.7) Throwing
 - Level 10.0(15.0) Armour
 - Level 1.5(6.5) Dodging
 - Level 4.0(9.0) Stealth
 - Level 19.0(24.0) Shields
 - Level 10.0 Spellcasting
 + Level 11.6 Necromancy
 - Level 8.0 Translocations
 - Level 4.0 Air Magic
 - Level 12.0 Invocations
 - Level 8.0 Evocations
 + Level 18.9 Shapeshifting


You had 34 spell levels left.
You knew the following spells:

 Your Spells              Type           Power      Damage    Failure   Level
a - Vhi's Electric Charg  Tloc/Air       64%        N/A       8%          4
b - Lesser Beckoning      Tloc           78%        N/A       1%          2
c - Fugue of the Fallen   Necr           52%        N/A       1%          3
z - Blink                 Tloc           78%        N/A       1%          2

Your spell library contained the following spells:

 Spells                   Type           Power      Damage    Failure   Level
 Apportation              Tloc           78%        N/A       1%          1
 Kiss of Death            Conj/Necr      100%       2d13      1%          1
 Necrotise                Necr           100%       1d9       1%          1
 Cigotuvi's Dreadful Rot  Necr/Alch/Air  58%        N/A       1%          2
 Maxwell's Portable Pile  Tloc           39%        2d(9-25)  1%          3
 Teleport Other           Tloc           39%        N/A       1%          3
 Dispel Undead            Necr           52%        3d19      1%          4
 Swiftness                Air            24%        N/A       5%          3
 Volatile Blastmotes      Fire/Tloc      48%        2d14      5%          3
 Mercury Vapours          Alch/Air       34%        N/A       6%          2
 Anguish                  Hex/Necr       15%        N/A       9%          4
 Freeze                   Ice            36%        1d5       10%         1
 Magic Dart               Conj           36%        1d4       10%         1
 Sting                    Conj/Alch      36%        1d5       10%         1
 Ensorcelled Hibernation  Hex/Ice        18%        N/A       14%         2
 Scorch                   Fire           18%        2d5       14%         2
 Mephitic Cloud           Conj/Alch/Air  14%        N/A       17%         3
 Dimensional Bullseye     Hex/Tloc       12%        N/A       19%         4
 Iskenderun's Mystic Bla Conj/Tloc 24%            2d7        (+2d3     19%         4
 Borgnjor's Vile Clutch   Necr/Erth      15%        N/A       24%         5
 Confusing Touch          Hex            9%         N/A       28%         3
 Dazzling Flash           Conj/Hex       18%        N/A       28%         3
 Frozen Ramparts          Ice            18%        1d3       28%         3
 Hailstorm                Conj/Ice       9%         3d6       28%         3
 Inner Flame              Hex/Fire       9%         N/A       28%         3
 Ozocubu's Armour         Ice            9%         N/A       28%         3
 Passwall                 Erth           9%         N/A       28%         3
 Stone Arrow              Conj/Erth      18%        3d8       28%         3
 Dispersal                Tloc           19%        N/A       47%         6
 Gell's Gavotte           Tloc           19%        2d(20-29) 47%         6
 Flame Wave               Conj/Fire      9%         2d6       67%         4
 Fulminant Prism          Conj/Alch      4%         3d5       67%         4
 Ignite Poison            Fire/Alch      9%         N/A       67%         4
 Leda's Liquefaction      Alch/Erth      4%         N/A       67%         4
 Olgreb's Toxic Radiance  Alch           9%         N/A       67%         4
 Petrify                  Alch/Erth      9%         N/A       67%         4
 Sticky Flame             Fire/Alch      9%         2d5       67%         4
 Silence                  Hex/Air        8%         N/A       75%         5
 Freezing Cloud           Conj/Ice/Air   7%         6-21      83%         5
 Fireball                 Conj/Fire      4%         3d4       95%         5
 Irradiate                Conj/Alch      4%         3d13      95%         5
 Metabolic Englaciation   Hex/Ice        4%         N/A       95%         5
 Manifold Assault         Tloc           19%        N/A       96%         7
 Conjure Ball Lightning   Conj/Air       8%         3x3d6     99%         6
 Borgnjor's Revivificati  Necr           26%        N/A       99%         8
 Bombard                  Conj/Erth      4%         9d2       100%        6
 Eringya's Noxious Bog    Alch           4%         4d6       100%        6
 Starburst                Conj/Fire      4%         6d4       100%        6
 Ozocubu's Refrigeration  Ice            4%         4d8       100%        7
 Rimeblight               Ice/Necr       15%        2d5       (prima100%   7
 Discord                  Hex            4%         N/A       100%        8
 Disjunction              Tloc           19%        N/A       100%        8
 Ignition                 Fire           4%         3d4       100%        8
 Death's Door             Necr           26%        N/A       100%        9
 Sublimation of Blood     Necr           Unusable   N/A       N/A         2
 Animate Dead             Necr           Unusable   N/A       N/A         4
 Summon Small Mammal      Summ           Unusable   N/A       N/A         1
 Death Channel            Necr           Unusable   N/A       N/A         6
 Call Imp                 Summ           Unusable   N/A       N/A         2
 Summon Ice Beast         Ice/Summ       Unusable   N/A       N/A         3
 Tukima's Dance           Hex            Unusable   N/A       N/A         3
 Summon Cactus Giant      Summ           Unusable   N/A       N/A         6
 Haunt                    Necr/Summ      Unusable   N/A       N/A         7
 Spellforged Servitor     Conj/Summ      Unusable   N/A       N/A         7

Dungeon Overview and Level Annotations

Branches:
Dungeon (15/15)            Temple (1/1) D:4            Lair (5/5) D:10
  Swamp (4/4) Lair:2       Spider (4/4) Lair:3        Slime (5/5) Lair:4
    Orc (2/2) D:9             Elf (3/3) Orc:2        Vaults (4/5) D:14
  Crypt (0/3) Vaults:2     Depths (4/4) D:15            Zot (0/5) Depths:4
  Sewer (visited)           IceCv (visited)          WizLab (visited)
Desolation (visited)

Altars:
Ashenzari
Cheibriados
Dithmenos
Elyvilon
Fedhas
Gozag
Hepliaklqana
Kikubaaqudgha
Makhleb
Nemelex Xobeh
Okawaru
Qazlal
Ru
Sif Muna
Trog
Uskayaw
Vehumet
Wu Jian
Xom
Yredelemnul
Zin
The Shining One
Beogh
Jiyva

Shops:
Orc:2 [!?:   Elf:2 =   Elf:3 :   Vaults:2 (   Vaults:3 =   Vaults:4 [
Depths:3 :=:

Portals:
Hell: Depths:1 Depths:2 Depths:3 Depths:4
Abyss: Depths:2 Depths:3 Depths:4
Pandemonium: Depths:2
Ziggurat: Depths:2
Trove: D:15 (show slimy rune of Zot)

Annotations:
D:3 1 runed translucent door, Crazy Yiuf
D:4 exclusion: 2 downstairs
D:5 Menkaure
D:6 exclusion: 2 downstairs
D:9 exclusion: downstairs
Lair:1 exclusion: oklob plant
Lair:4 exclusion: downstairs
Slime:4 exclusion: 2 upstairs


Innate Abilities, Weirdness & Mutations

You are a living statue of rough stone.
Your actions are slow, but your melee attacks are powerful.
You are resistant to unholy torment.
Your maximum health is greatly increased.
Your equipment is partially melded.
You are immune to poison.
You have razor-sharp teeth.
Your natural rate of healing is unusually fast.
When hurt, damage is shared between your health and your magic reserves.
Your bite disrupts and absorbs the magic of your enemies.
Potions cannot restore your health.
You have supernaturally acute eyesight. (SInv)
Your magical capacity is low. (-10% MP)


Message History

The splash of acid hits you but does no damage.
The azure jelly misses you. x2; The azure jelly hits you.
* * * LOW HITPOINT WARNING * * *
The azure jelly barely misses you. The rockslime hits you!!
* * * LOW HITPOINT WARNING * * *
You hold your ground!
The acid blob misses you.
The azure jelly hits you but does no damage. x2
The azure jelly closely misses you. The azure jelly completely misses you.
The rockslime hits you!!
* * * LOW HITPOINT WARNING * * *
You hold your ground!
Casting: Vhi's Electric Charge (mildly dangerous; 8% risk of failure)
Confirm with . or Enter, or press ? or * to list all spells.
Aiming: Vhi's Electric Charge (mildly dangerous; 8% risk of failure)
Press: ? - help, Shift-Dir - straight line, f - quicksilver ooze
Aim: a quicksilver ooze (82% to hit)
You charge forward with an electric crackle!
You impale the quicksilver ooze and electrocute it!!
Your bite misses the quicksilver ooze. You miss the quicksilver ooze.
Your bite misses the quicksilver ooze.
The quicksilver ooze is heavily wounded.
The quicksilver ooze completely misses you.
The quicksilver ooze barely misses you. The acid blob completely misses you.
The rockslime hits you!!!
* * * LOW HITPOINT WARNING * * *
You hold your ground!
You block the rockslime's attack.
You block the quicksilver ooze's attack. x2
You block the azure jelly's attack. The azure jelly completely misses you.
The azure jelly hits you but does no damage.
The azure jelly misses you.
The azure jelly hits you but does no damage.
The azure jelly completely misses you.
The azure jelly hits you but does no damage. x2
The rockslime completely misses you. The quicksilver ooze barely misses you.
The quicksilver ooze hits you but does no damage.
The acid blob spits acid at you. The splash of acid hits you! You resist.
* * * LOW HITPOINT WARNING * * *
The rockslime hits you!!
You die...

### *## #.### ###.*
######### ..#.##
###...*##J......##
.....####...####JJ.......#*
..............#JJJJJJ.....*
............###JIJJJ#.....*
...............JJJ.##*,...*
................JJ## **,,.*
.................J.#**,,,,*
............###.....#,,,,,*
............# #.......,,,,*
............# #........,,**
...........## ###......,**
.........### *#....#****


You could see 5 acid blobs, 5 azure jellies, 5 rockslimes and 4 quicksilver
oozes.

Vanquished Creatures
  Dissolution (Slime:4)
  the Royal Jelly (Slime:5)
  An ancient lich (Vaults:2)
  Xtahua (Depths:3)
  Sojobo (Vaults:3)
  Boris (Depths:1)
  Josephina (Depths:2)
  Saint Roka (Vaults:2)
  4 caustic shrikes (Depths:4)
  4 golden dragons
  Nikola (Elf:1)
  Norris (Depths:1)
  Jory (Depths:4)
  The ghost of Qotsoore the Warrior, an adept DsFi of Okawaru (Vaults:3)
  Arachne (Spider:3)
  3 tentacled monstrosities
  Asterion (Elf:1)
  A deep elf blademaster (Elf:3)
  A lich (Depths:4)
  A titan (Depths:3)
  2 deep elf master archers (Elf:3)
  Gastronok (Orc:1)
  11 acid blobs
  3 sphinxes
  Frances (Elf:1)
  3 thorn hunters
  6 tengu reavers
  A shadow dragon (Depths:4)
  2 storm dragons (Depths:4)
  2 fenstrider witches
  Aizul (Swamp:2)
  10 azure jellies
  Louise (Swamp:3)
  A draconian monk (Depths:4)
  6 rockslimes
  9 fire giants
  An iron dragon (Depths:3)
  A draconian knight (Depths:4)
  6 frost giants
  9 vault wardens
  10 deep elf sorcerers
  An emperor scorpion (Spider:2)
  2 imperial myrmidons (Desolation)
  5 deep elf elementalists (Elf:3)
  A draconian stormcaller (Depths:4)
  5 ghost moths
  6 spectral caustic shrikes (Depths:2)
  10 very ugly things
  7 broodmothers
  3 orc warlords
  17 ironbound preservers
  2 spriggan defenders (Depths:4)
  4 ironbound thunderhulks
  14 stone giants
  3 formless jellyfish (Vaults:1)
  6 quicksilver oozes
  A vampire knight (Depths:2)
  6 deep elf death magi
  4 deep elf demonologists (Elf:3)
  A red draconian (Depths:4)
  2 war gargoyles (Vaults:4)
  6 eleionomae
  2 yellow draconians (Depths:4)
  12 dire elephants
  3 bunyips
  5 deep elf annihilators (Elf:3)
  3 halazid warlocks (Desolation)
  An orange crystal statue (WizLab)
  A white draconian (Depths:4)
  An eidolon (Vaults:2)
  4 spark wasps
  9 ettins
  A green death (Depths:2)
  A merfolk javelineer (Depths:4)
  2 shambling mangroves
  4 deep elf high priests (Elf:3)
  4 ragged hierophants (Desolation)
  9 fire dragons
  4 yaktaur captains
  A crystal guardian (Desolation)
  6 great orbs of eyes
  7 vault guards
  8 entropy weavers
  19 hydras
  2 rakshasas
  7 servants of whispers (Desolation)
  5 spriggan air magi
  A jorogumo (Spider:4)
  6 peacekeepers
  2 ghost crabs
  9 ice dragons
  3 ironbound frosthearts
  15 centaur warriors
  3 ogre magi
  9 boulder beetles
  8 alligators
  14 death yaks
  12 two-headed ogres
  4 deep troll shamans
  2 radroaches
  25 dancing weapons
  Urug (Lair:5)
  An occultist (Depths:2)
  8 tengu warriors
  16 deep troll earth magi
  3 orc high priests
  8 demonic crawlers
  3 spriggan berserkers
  A vampire mage (Depths:3)
  5 iron trolls
  13 deep elf knights
  6 hell knights (Depths:3)
  6 pharaoh ants
  A soul eater (Depths:2)
  2 skysharks (Depths:1)
  6 deep elf archers
  5 goliath frogs
  A death drake (Swamp:3)
  10 bog bodies
  2 sun moths (Spider:4)
  The ghost of Konar the Skirmisher, a novice CoHu of Okawaru (D:7)
  8 orb spiders
  3 glowing orange brains
  7 arcanists
  A sun moth (shapeshifter) (Depths:2)
  An obsidian statue (D:11)
  10 spriggan druids
  72 deep trolls
  8 steelbarb worms
  13 swamp dragons
  A harpy (shapeshifter) (Vaults:3)
  12 ironbound convokers
  26 deep elf pyromancers
  7 lindwurms
  A flayed ghost (Depths:1)
  13 orc knights
  5 necromancers
  4 shining eyes
  7 cyclopes
  34 deep elf zephyrmancers
  2 phantasmal warriors (Vaults:2)
  24 ugly things
  2 orc sorcerers (Orc:2)
  32 wolf spiders
  A will-o-the-wisp (Swamp:3)
  A kobold blastminer (Orc:2)
  6 manticores
  8 meliai
  A rust devil (D:11)
  3 moths of wrath
  3 guardian serpents
  A black mamba (shapeshifter) (D:13)
  6 elephants
  An ice statue (IceCv)
  6 torpor snails
  11 black mambas
  2 gargoyles
  A torpor snail (shapeshifter) (Vaults:3)
  14 vault sentinels
  3 eyes of devastation
  2 water nymphs (Swamp:1)
  15 cane toads
  3 smoke demons
  An orange demon (D:11)
  An unseen horror (D:10)
  8 komodo dragons
  A hellion (Depths:2)
  8 rime drakes
  15 yaktaurs
  An efreet (D:13)
  A freezing wraith (D:15)
  A kobold demonologist (D:10)
  A spark wasp simulacrum (Depths:2)
  8 tengu conjurers
  12 polar bears
  10 trolls
  3 hellwings (D:11)
  2 bloated husks (Swamp:2)
  15 hornets
  A hornet (shapeshifter) (D:13)
  5 tyrant leeches
  12 blink frogs
  28 tarantellas
  30 jumping spiders
  44 saltlings (Desolation)
  5 glass eyes
  6 dream sheep (Lair:5)
  A frost giant simulacrum (Depths:2)
  121 slime creatures
  3 air elementals
  2 centaur simulacra (D:15)
  23 culicivoras
  14 spriggans
  2 shadows
  2 water elementals
  A wraith (Vaults:2)
  A fire elemental (Elf:3)
  The ghost of XavTav the Chopper, an amateur MiFi (D:4)
  7 wyverns
  41 yaks
  2 golden eyes (Slime:3)
  2 steam dragons
  8 vampire mosquitoes
  3 basilisks
  16 humans (D:14)
  8 wargs
  55 redbacks
  17 swamp worms
  Duvessa (D:7)
  4 acid dragons
  22 water moccasins
  15 orc warriors
  3 sky beasts
  11 swamp drakes
  An ice beast (D:6)
  23 ogres
  3 black bears
  9 centaurs
  A laughing skull (Vaults:2)
  A boggart (Elf:1)
  29 wolves
  2 phantoms
  3 kobold brigands
  3 earth elementals
  A scorpion (D:7)
  15 bullfrogs
  A glowing shapeshifter simulacrum (Depths:2)
  4 wights
  10 killer bees (D:9)
  Dowan (D:7)
  4 howler monkeys
  2 electric eels (Lair:2)
  A bombardier beetle (D:5)
  3 hounds
  21 orc priests
  A gnoll bouda (D:4)
  8 jellies
  Ijyb (D:3)
  A sleepcap (D:4)
  20 orc wizards
  12 iguanas
  25 gnolls
  10 adders
  2 ufetubi (D:5)
  12 dart slugs
  61 orcs
  23 endoplasms
  7 giant cockroaches
  11 goblins
  8 hobgoblins
  3 jackals (D:4)
  21 kobolds
  4 quokkas
  16 ball pythons
  2 bats
  23 frilled lizards
  5 rats
  2 spectral weapons (Elf:1)
1956 creatures vanquished.

Vanquished Creatures (others)
  A deep elf knight (Elf:2)
  A deep elf pyromancer (Elf:1)
  A rime drake (Lair:5)
  A fire giant simulacrum (Depths:2)
  A spriggan (Swamp:4)
  2 vampire mosquitoes (Swamp:2)
  An orc warrior (Orc:2)
  A boggart (Elf:1)
  An orc (D:8)
10 creatures vanquished.

Grand Total: 1966 creatures vanquished

Notes
Turn   | Place    | Note
-------+----------+-------------------------------------------
     0 | D:1      | Autsider the Vine Stalker Warper began the quest for the
                  | Orb.
     0 | D:1      | Reached XP level 1. HP: 11/11 MP: 4/4
   325 | D:1      | Reached XP level 2. HP: 16/16 MP: 6/6
   888 | D:2      | Reached XP level 3. HP: 19/19 MP: 7/7
   952 | D:2      | Reached skill level 1 in Stealth
   952 | D:2      | Reached XP level 4. HP: 22/24 MP: 6/8
   982 | D:2      | Reached skill level 1 in Shields
  1118 | D:2      | Found a faded altar of an unknown god.
  1941 | D:3      | Noticed Ijyb
  1986 | D:3      | Killed Ijyb
  1987 | D:3      | Reached XP level 5. HP: 8/28 MP: 5/9
  2313 | D:3      | Found a runed translucent door.
  2314 | D:3      | Noticed Crazy Yiuf
  2351 | D:4      | Found a staircase to the Ecumenical Temple.
  2357 | D:4      | Found a runed translucent gate.
  2357 | D:4      | Found a runed translucent gate.
  2357 | D:4      | Found a runed translucent gate.
  2358 | D:4      | Noticed a centaur
  2362 | Temple   | Entered the Ecumenical Temple
  2374 | Temple   | Became a worshipper of Warmaster Okawaru
  2396 | D:4      | Noticed a phantom
  2397 | D:4      | Noticed XavTav's ghost (amateur MiFi)
  2511 | D:4      | Reached skill level 2 in Shields
  2511 | D:4      | Reached XP level 6. HP: 10/33 MP: 2/10
  2717 | D:4      | Found a sparkling altar of Nemelex Xobeh.
  3016 | D:4      | Found a radiant altar of Vehumet.
  3447 | D:5      | Entered Level 5 of the Dungeon
  3511 | D:5      | Reached * piety under Okawaru
  3808 | D:5      | Reached XP level 7. HP: 36/37 MP: 9/11
  3972 | D:5      | Reached skill level 3 in Shields
  4229 | D:5      | Noticed Menkaure
  4368 | D:5      | Reached ** piety under Okawaru
  4606 | D:5      | HP: 1/38 [gnoll/+0 whip of electrocution (12)]
  4904 | D:6      | Found a shadowy altar of Dithmenos.
  4925 | D:6      | Reached skill level 5 in Fighting
  4925 | D:6      | Gained mutation: You have razor-sharp teeth. [Vine Stalker
                  | growth]
  4925 | D:6      | Reached XP level 8. HP: 25/43 MP: 7/12
  4987 | D:6      | Found a blossoming altar of Fedhas.
  5044 | D:6      | Reached skill level 4 in Shields
  5190 | D:6      | Found a glowing drain.
  5205 | Sewer    | Entered a sewer
  5382 | Sewer    | Reached skill level 1 in Invocations
  5627 | D:6      | Reached skill level 1 in Armour
  5688 | D:6      | Found a shimmering altar of Xom.
  5883 | D:6      | Reached skill level 5 in Short Blades
  5949 | D:6      | Noticed a slime creature
  5974 | D:6      | Killed a slime creature
  5974 | D:6      | Reached *** piety under Okawaru
  5975 | D:6      | Reached XP level 9. HP: 45/48 MP: 15/15
  6524 | D:7      | Reached skill level 5 in Shields
  6646 | D:7      | Identified the +0 arbalest of Wealiemo {antimagic, rF+
                  | Int+6}
  6710 | D:7      | Identified the +5 robe of Indomitability {rN+ Str+2 SInv
                  | Stlth+}
  6731 | D:7      | Found a runed translucent door.
  6738 | D:7      | Noticed Konar's ghost (novice CoHu)
  6753 | D:7      | Noticed Duvessa
  7071 | D:7      | Noticed Dowan
  7076 | D:7      | Killed Duvessa
  7086 | D:7      | Killed Dowan
  7372 | D:7      | Reached XP level 10. HP: 50/51 MP: 17/17
  7612 | D:8      | Found a hazy altar of Hepliaklqana.
  7773 | D:8      | Found a stormy altar of Qazlal.
  7823 | D:8      | Reached **** piety under Okawaru
  7909 | D:8      | Found an ornate altar of the Wu Jian Council.
  7947 | D:8      | Identified the +5 shortbow of Infinite Pain {freeze, rN+
                  | Will+ Int+3}
  8327 | D:9      | Reached skill level 6 in Shields
  8628 | D:9      | HP: 3/82 [warg (13)]
  8631 | D:9      | Reached skill level 5 in Invocations
  8784 | D:9      | Found a staircase to the Orcish Mines.
  8992 | D:9      | Found a broken altar of Ashenzari.
  9199 | D:9      | Found a snail-covered altar of Cheibriados.
  9471 | D:9      | Found a sacrificial altar of Ru.
  9603 | D:10     | Entered Level 10 of the Dungeon
  9760 | D:10     | Found a staircase to the Lair.
  9773 | D:10     | Noticed an elephant
  9776 | D:10     | Noticed a two-headed ogre
  9832 | D:9      | Killed an elephant
  9927 | D:10     | Killed an unseen horror
 10036 | D:10     | Reached ***** piety under Okawaru
 10039 | D:10     | Found a bloodstained altar of Trog.
 10118 | D:10     | Noticed a kobold demonologist
 10127 | D:10     | Noticed an orange demon
 10218 | D:10     | Killed a kobold demonologist
 10384 | D:10     | Noticed a two-headed ogre
 10401 | D:10     | Killed a two-headed ogre
 10402 | D:10     | Reached XP level 11. HP: 41/59 MP: 18/18
 10464 | D:10     | Reached skill level 7 in Shields
 10562 | D:10     | Killed a two-headed ogre
 10790 | Lair:1   | Entered Level 1 of the Lair of Beasts
 10994 | Lair:1   | Received a gift from Okawaru
 11551 | Lair:1   | Noticed an oklob plant
 12054 | Lair:2   | Reached ****** piety under Okawaru
 12055 | Lair:2   | Reached XP level 12. HP: 61/65 MP: 19/19
 12154 | Lair:2   | Received a gift from Okawaru
 12155 | Lair:2   | Reached skill level 8 in Shields
 12228 | Lair:2   | Noticed a boulder beetle
 12247 | Lair:2   | Killed a boulder beetle
 12657 | Lair:2   | Received a gift from Okawaru
 12658 | Lair:2   | Reached skill level 10 in Short Blades
 12663 | Lair:2   | Acquired a +2 quick blade of electrocution
 12663 | Lair:2   | Received a gift from Okawaru
 12746 | Lair:2   | Reached skill level 5 in Spellcasting
 12815 | Lair:2   | Noticed a four-headed hydra
 12822 | Lair:2   | Killed a four-headed hydra
 12880 | Lair:2   | Found a staircase to the Swamp.
 13007 | Lair:3   | Noticed a six-headed hydra
 13012 | Lair:3   | Killed a six-headed hydra
 13228 | Lair:3   | Found a hole to the Spider Nest.
 13231 | Lair:3   | Identified the amulet of Pekk {rElec Regen+}
 13476 | Lair:3   | Noticed a four-headed hydra
 13483 | Lair:3   | Killed a four-headed hydra
 13483 | Lair:3   | Received a gift from Okawaru
 13902 | Lair:4   | Found a frozen archway.
 13911 | IceCv    | Entered an ice cave
 14210 | IceCv    | Reached XP level 13. HP: 68/70 MP: 19/23
 14218 | IceCv    | Reached skill level 9 in Shields
 14463 | IceCv    | Received a gift from Okawaru
 14510 | IceCv    | Noticed a frost giant
 14565 | IceCv    | Reached skill level 10 in Fighting
 14622 | IceCv    | Killed a frost giant
 14681 | IceCv    | Got Lehudib's Writings on Bruises and the Valley
 14700 | IceCv    | Got the Spellbook of the Icicle
 14938 | Lair:4   | Received a gift from Okawaru
 14972 | Lair:4   | Found a staircase to the Slime Pits.
 14972 | Lair:4   | Found a viscous altar of Jiyva.
 15608 | Lair:5   | Entered Level 5 of the Lair of Beasts
 15746 | Lair:5   | Received a gift from Okawaru
 15766 | Lair:5   | Reached skill level 1 in Throwing
 15804 | Lair:5   | Reached XP level 14. HP: 23/77 MP: 14/26
 15846 | Lair:5   | Reached skill level 10 in Shields
 16204 | Lair:5   | Received a gift from Okawaru
 16224 | Lair:5   | Acquired a +2 pair of boots of flying
 16224 | Lair:5   | Received a gift from Okawaru
 16299 | Lair:5   | Noticed Urug
 16548 | Lair:5   | Killed Urug
 16682 | Lair:5   | Identified the +2 short sword of Diet Blood {drain, rPois}
 16852 | Lair:5   | Received a gift from Okawaru
 17386 | Lair:5   | Received a gift from Okawaru
 17715 | D:11     | Reached XP level 15. HP: 83/83 MP: 28/28
 17917 | D:11     | Reached skill level 11 in Shields
 18101 | D:11     | Reached skill level 5 in Throwing
 18116 | D:11     | Identified the +6 scale mail of the Several People {Harm
                  | *Corrode rPois Dex+3}
 18878 | D:12     | Reached skill level 1 in Evocations
 19581 | D:13     | Received a gift from Okawaru
 20550 | D:14     | Found a shimmering altar of Xom.
 20616 | D:14     | Received a gift from Okawaru
 20898 | D:14     | Reached skill level 5 in Armour
 20959 | D:14     | Found a gate to the Vaults.
 21169 | D:14     | Found a shimmering altar of Xom.
 21290 | D:15     | Entered Level 15 of the Dungeon
 21428 | D:15     | Received a gift from Okawaru
 21611 | D:15     | Found a portal to a secret trove of treasure.
 21666 | D:15     | Reached XP level 16. HP: 88/88 MP: 29/29
 21847 | D:15     | Reached skill level 12 in Shields
 21883 | D:15     | Found a staircase to the Depths.
 22107 | Orc:1    | Entered Level 1 of the Orcish Mines
 22217 | Orc:1    | Noticed Gastronok
 22233 | Orc:1    | Killed Gastronok
 22347 | Orc:1    | Received a gift from Okawaru
 22446 | Orc:2    | Entered Level 2 of the Orcish Mines
 22563 | Orc:2    | Reached skill level 5 in Evocations
 22563 | Orc:2    | Found Loecweag's Book Boutique.
 22572 | Orc:2    | Found Cebepli's Magic Scroll Boutique.
 22617 | Orc:2    | Received a gift from Okawaru
 22636 | Orc:2    | Found Sathuedu's Distillery.
 22647 | Orc:2    | Found Quysahan's Antique Armour Shop.
 22903 | Orc:2    | Found a staircase to the Elven Halls.
 23164 | Orc:2    | Bought a scroll of enchant weapon for 135 gold pieces
 23164 | Orc:2    | Bought a scroll of revelation for 135 gold pieces
 23164 | Orc:2    | Bought a scroll of enchant armour for 135 gold pieces
 23339 | Spider:1 | Entered Level 1 of the Spider Nest
 23638 | Lair:3   | HP: 2/87 [poisoned by a redback]
 23797 | Spider:1 | Received a gift from Okawaru
 24023 | Spider:1 | Reached XP level 17. HP: 93/95 MP: 28/30
 24098 | Spider:1 | Found a roughly hewn altar of Beogh.
 24484 | Spider:2 | You are sucked into a shaft and drop 1 floor!
 24675 | Spider:3 | Reached skill level 13 in Shields
 25001 | Spider:3 | Received a gift from Okawaru
 25886 | Spider:2 | Received a gift from Okawaru
 26498 | Spider:4 | Entered Level 4 of the Spider Nest
 26526 | Spider:4 | Noticed Arachne
 26546 | Spider:3 | Killed Arachne
 26546 | Spider:3 | Received a gift from Okawaru
 26751 | Spider:4 | Reached XP level 18. HP: 101/101 MP: 31/31
 26906 | Spider:4 | Received a gift from Okawaru
 27165 | Spider:4 | Reached skill level 10 in Throwing
 27417 | Spider:4 | Reached skill level 14 in Shields
 27430 | Spider:4 | Received a gift from Okawaru
 27451 | Spider:4 | Got a gossamer rune of Zot
 27459 | Spider:4 | Reached XP level 19. HP: 107/107 MP: 32/32
 27695 | Swamp:1  | Entered Level 1 of the Swamp
 27770 | Swamp:1  | You are sucked into a shaft and drop 1 floor!
 27832 | Swamp:2  | Identified the serpent talisman of Wonder {Int+5}
 27832 | Swamp:2  | Noticed Aizul
 27850 | Swamp:2  | Killed Aizul
 28130 | Swamp:1  | Received a gift from Okawaru
 28236 | Swamp:1  | Found a snail-covered altar of Cheibriados.
 28393 | Swamp:2  | Reached skill level 10 in Armour
 28404 | Swamp:2  | Reached skill level 15 in Fighting
 28473 | Swamp:2  | Reached skill level 1 in Shapeshifting
 28912 | Swamp:3  | Reached skill level 15 in Shields
 29225 | Swamp:3  | Noticed Louise
 29245 | Swamp:3  | Killed Louise
 29361 | Swamp:4  | Entered Level 4 of the Swamp
 29387 | Swamp:4  | Reached skill level 5 in Shapeshifting
 29405 | Arena    | Entered the Arena
 29405 | Arena    | HP: 4/108 [eight-headed hydra (4)]
 29406 | Arena    | HP: 1/108 [eight-headed hydra (1)]
 29414 | Arena    | Reached XP level 20. HP: 14/113 MP: 2/33
 29444 | Swamp:4  | Received a gift from Okawaru
 29874 | Swamp:4  | Received a gift from Okawaru
 29876 | Swamp:4  | Got a decaying rune of Zot
 30352 | Elf:1    | Entered Level 1 of the Elven Halls
 30553 | Elf:1    | Noticed Frances
 30570 | Elf:1    | Killed Frances
 30661 | Elf:1    | Noticed Nikola
 30699 | Elf:1    | Killed Nikola
 30742 | Elf:2    | Found a crumbling gateway.
 30758 | Desolati | Entered the Desolation of Salt
 30935 | Desolati | Reached skill level 10 in Shapeshifting
 30955 | Desolati | Received a gift from Okawaru
 30986 | Desolati | HP: 1/92 [halazid warlock/ghostly fireball (80)]
 31122 | Desolati | Found the +8 longbow "Zephyr" {speed, Dex+3 SInv}
 31143 | Desolati | Identified the staff "Buodd" {Str+4 Conj}
 31149 | Desolati | Found the +7 Spriggan's Knife {stab, EV+4 Stlth+}
 31156 | Desolati | Identified the +5 ring mail of Fiptug {rC- Str+4 Int+2}
 31332 | Desolati | Identified the +3 trident of the Conjuring Gods {speed,
                  | Int+3}
 31341 | Desolati | Identified the ring "Xuemaz" {Fly rF+ rN+ Int+3}
 31389 | Desolati | Got Nolil's Folio of the Discharge and Formation
 31492 | Desolati | Identified the staff "Xirhudaj" {rCorr Int+5 Conj}
 31493 | Desolati | Identified the ring of Imnoz {rElec rPois rN+ Will- Dex+6}
 31495 | Desolati | Identified the +3 flail "Zakeuryts" {antimagic, rF++}
 31734 | Elf:2    | Found Dut Tank's Jewellery Emporium.
 31772 | Elf:2    | Found a runed translucent gate.
 31772 | Elf:2    | Found a runed translucent gate.
 31772 | Elf:2    | Found a runed translucent gate.
 31786 | Elf:2    | Received a gift from Okawaru
 31901 | Elf:2    | Reached XP level 21. HP: 117/117 MP: 34/34
 31943 | Elf:2    | Identified the +1 scale mail "Tocub" {Regen+ Str+5 Dex+3}
 31970 | Elf:2    | Identified the +2 spear of False Accusations {flame, rN++
                  | Int-4}
 31982 | Elf:2    | Found a shimmering blue altar of Sif Muna.
 32046 | Elf:1    | Noticed Asterion
 32170 | Elf:1    | Killed Asterion
 32715 | Elf:2    | Received a gift from Okawaru
 33409 | Orc:2    | Bought a scroll of brand weapon for 171 gold pieces
 33888 | Elf:3    | Entered Level 3 of the Elven Halls
 34009 | Elf:3    | Found an ancient bone altar of Kikubaaqudgha.
 34207 | Elf:3    | Found Comybbo's Book Shoppe.
 34337 | Elf:3    | Reached skill level 15 in Shapeshifting
 34399 | Elf:3    | Paralysed by an air elemental for 1 turns
 34401 | Elf:3    | Received a gift from Okawaru
 34408 | Elf:3    | Paralysed by an air elemental for 1 turns
 34846 | Elf:3    | Learned a level 2 spell: Blink
 35005 | Elf:3    | Identified the +5 dagger "Baoton" {holy, rElec}
 35028 | Elf:3    | Identified the +12 great sword of Giceat {freeze, +Blink
                  | rN+}
 35028 | Elf:3    | Identified the ring "Cohecsio" {rPois Str+3 Dex+5 Stlth-}
 35100 | Elf:3    | Identified the ring "Ceosuw" {Fire Str+3 SInv}
 35160 | Elf:3    | Identified the staff of Truncation {Fly Conj Hexes}
 35270 | Elf:3    | Identified the ring of Bixzi {rElec rN+ MP+9}
 35344 | Elf:3    | Received a gift from Okawaru
 35482 | Orc:2    | Bought a manual of Shields for 1120 gold pieces
 35643 | Vaults:1 | Entered Level 1 of the Vaults
 35949 | Vaults:1 | Learned a level 4 spell: Vhi's Electric Charge
 35952 | Vaults:1 | Learned a level 2 spell: Lesser Beckoning
 35989 | Vaults:1 | Reached skill level 5 in Translocations
 36053 | Vaults:1 | Reached XP level 22. HP: 122/122 MP: 35/35
 36053 | Vaults:1 | Identified the +0 scale mail of Nawkuak {Dex+4 Slay+2}
 36138 | Vaults:1 | Reached skill level 1 in Air Magic
 36399 | Vaults:1 | Received a gift from Okawaru
 37363 | Elf:3    | Bought the Folio of Stolen Souls for 210 gold pieces
 37367 | Elf:3    | Learned a level 3 spell: Fugue of the Fallen
 37868 | Vaults:2 | Received a gift from Okawaru
 38046 | Vaults:2 | Noticed Saint Roka
 38138 | Vaults:2 | Found Maneruer's Weapon Shop.
 38541 | Vaults:3 | Found Idacs's Jewellery Shop.
 38581 | Vaults:3 | Received a gift from Okawaru
 38666 | Vaults:2 | Found a staircase to the Crypt.
 38667 | Vaults:2 | Noticed an ancient lich
 38681 | Vaults:2 | Found the +27 heavy crossbow "Sniper" {heavy, Acc+∞ SInv}
 38696 | Vaults:2 | Reached skill level 16 in Shields
 38730 | Vaults:2 | Killed an ancient lich
 38770 | Vaults:2 | Identified the ring "Jorauske" {rCorr EV+5}
 38877 | Vaults:2 | Killed Saint Roka
 38877 | Vaults:2 | Received a gift from Okawaru
 39432 | Vaults:3 | Bought the amulet of Kitefiebo {Reflect Str+2 Int+3 Dex+4
                  | SH+5} for 782 gold pieces
 39520 | Vaults:3 | Noticed Sojobo
 39529 | Vaults:3 | Killed Sojobo
 39533 | Vaults:3 | Reached skill level 1 in Necromancy
 39550 | Vaults:3 | Reached XP level 23. HP: 128/128 MP: 37/37
 39598 | Vaults:3 | Received a gift from Okawaru
 39603 | Vaults:3 | Reached skill level 10 in Spellcasting
 39839 | Vaults:3 | Found a runed translucent gate.
 39839 | Vaults:3 | Found a runed translucent gate.
 39839 | Vaults:3 | Found a runed translucent gate.
 39839 | Vaults:3 | Noticed Qotsoore's ghost (adept DsFi)
 40042 | Vaults:3 | Identified the +5 quarterstaff of the Futuristic God
                  | {freeze, Dex+5}
 40455 | Vaults:4 | Found Xiestrodo's Antique Armour Shoppe.
 40707 | Vaults:4 | Reached skill level 17 in Shields
 41043 | Vaults:4 | Received a gift from Okawaru
 41116 | Vaults:4 | Identified the +5 shortbow of the Bright God {flame, Int+2
                  | Dex+3}
 41496 | Vaults:3 | Killed Qotsoore's ghost
 41842 | D:7      | Killed Konar's ghost
 41951 | D:4      | Killed XavTav's ghost
 42209 | Depths:1 | Entered Level 1 of the Depths
 42222 | Depths:1 | Found a radiant altar of Vehumet.
 42227 | Depths:1 | Got Caeruf's Almanac of Spagyria
 42248 | Depths:1 | Noticed Norris
 42274 | Depths:1 | Killed Norris
 42405 | Depths:1 | Identified the +4 robe "Egaamesm" {Harm Regen+}
 42405 | Depths:1 | Noticed Boris
 42421 | Depths:1 | Killed Boris
 42421 | Depths:1 | Received a gift from Okawaru
 42422 | Depths:1 | Reached skill level 5 in Necromancy
 42490 | Depths:1 | Found a gateway to Hell.
 42591 | Depths:1 | Found an iron altar of Okawaru.
 42917 | Depths:2 | Found a one-way gate to the infinite horrors of the Abyss.
 42982 | Depths:2 | Found a one-way gate leading to the halls of Pandemonium.
 43070 | Depths:2 | Reached skill level 18 in Shields
 43080 | Depths:2 | Received a gift from Okawaru
 43104 | Depths:2 | Identified the ring "Niaquam" {Ice Will+}
 43104 | Depths:2 | Noticed Josephina
 43114 | Depths:2 | Killed Josephina
 43234 | Depths:2 | Reached XP level 24. HP: 100/135 MP: 25/38
 43326 | Depths:2 | Identified the ring "Akhuvas" {*Slow MP+9 Int+2 Dex+7}
 43327 | Depths:2 | Identified the +1 helmet of Disguise {Harm Rampage Dex+2
                  | SInv}
 43669 | Depths:2 | Found a one-way gateway to a ziggurat.
 43682 | Depths:2 | Received a gift from Okawaru
 44208 | Depths:3 | Identified the +6 orcbow of Division {freeze, rElec Str+3
                  | Dex-3}
 44271 | Depths:3 | Received a gift from Okawaru
 44497 | Depths:3 | Noticed Xtahua
 44508 | Depths:3 | Killed Xtahua
 44509 | Depths:3 | Reached skill level 19 in Shields
 44675 | Depths:3 | Found Fegestao's Book Boutique.
 44676 | Depths:3 | Found Batzited's Jewellery Emporium.
 44677 | Depths:3 | Found Renk's Book Boutique.
 45193 | Depths:4 | Entered Level 4 of the Depths
 45213 | Depths:4 | Found a magical portal.
 45233 | WizLab   | Entered Wucad Mu's Monastery
 45518 | WizLab   | Found the crystal ball of Wucad Mu {*channel}
 45726 | Depths:4 | Noticed a caustic shrike
 45726 | Depths:4 | Noticed a caustic shrike
 45729 | Depths:4 | Noticed a caustic shrike
 45734 | Depths:4 | Killed a caustic shrike
 45740 | Depths:4 | Killed a caustic shrike
 45744 | Depths:4 | Killed a caustic shrike
 45752 | Depths:4 | Noticed a caustic shrike
 45766 | Depths:4 | Killed a caustic shrike
 45766 | Depths:4 | Received a gift from Okawaru
 45949 | Depths:4 | Reached skill level 10 in Invocations
 46023 | Depths:4 | Reached skill level 10 in Necromancy
 46023 | Depths:4 | Reached XP level 25. HP: 141/141 MP: 38/38
 46066 | Depths:4 | Noticed Jory
 46068 | Depths:4 | Found a gate to the Realm of Zot.
 46099 | Depths:4 | Killed Jory
 46128 | Depths:4 | Reached XP level 26. HP: 46/147 MP: 38/38
 46248 | Depths:4 | Received a gift from Okawaru
 47570 | Slime:1  | Entered Level 1 of the Pits of Slime
 48113 | Slime:2  | Gained mutation: You are frail. (-10% HP) [a shining eye]
 48119 | Slime:2  | Gained mutation: You are clumsy. (Dex -2) [a shining eye]
 48120 | Slime:2  | Gained mutation: Your magical capacity is low. (-10% MP) [a
                  | shining eye]
 48808 | Slime:4  | Noticed Dissolution
 48840 | Slime:4  | Killed Dissolution
 48840 | Slime:4  | Received a gift from Okawaru
 49105 | Orc:2    | Lost mutation: You are frail. (-10% HP) [potion of
                  | mutation]
 49105 | Orc:2    | Lost mutation: You are clumsy. (Dex -2) [potion of
                  | mutation]
 49105 | Orc:2    | Lost mutation: Your magical capacity is low. (-10% MP)
                  | [potion of mutation]
 49105 | Orc:2    | Gained mutation: You have supernaturally acute eyesight.
                  | (SInv) [potion of mutation]
 49435 | Slime:5  | Entered Level 5 of the Pits of Slime
 49435 | Slime:5  | Found the +1 robe of Vines {NoPotionHeal Regen++++}
 49488 | Slime:5  | Gained mutation: Your magical capacity is low. (-10% MP) [a
                  | shining eye]
 49548 | Slime:5  | Found a viscous altar of Jiyva.
 50289 | Slime:5  | Noticed the Royal Jelly
 50300 | Slime:5  | Killed the Royal Jelly
 50306 | Slime:5  | Slain by a rockslime

Illustrated notes

Levels and vault maps discovered:
D:1:      sevenhm_arrival_forest_fort_large_4, layout_basic
D:2:      cheibrodos_pilgrimage, layout_rooms,
          ebering_ecumenical_altar_sacrificial, kennysheep_generic_room_12
D:3:      layout_loops_ring, serial_bayou_lagoon_b, uniq_ijyb,
          uniq_crazy_yiuf_cottage
D:4:      layout_layer_cave, mainiacjoe_overflow_boulevard,
          vehumet_altar_wand_db, minmay_temple_entry_statues_pillars,
          gammafunk_ghost_split, nicolae_elevator_lobby_asterisk
D:5:      minmay_chambers_of_fours, layout_loops_ring, solitary_fountain,
          uniq_menkaure
D:6:      cheibrodos_fertilizer, layout_gridville,
          nicolae_dithmenos_the_darkroom, xom_butterflies, fedhas_altar_1,
          gup_sewer_entry_pipe, minmay_unpleasant_kobolds
D:7:      layout_rooms, nicolae_ossuary_entry_monument,
          hellmonk_ghost_happy_afterlife, kennysheep_crisscross, minivault_26,
          uniq_duvessa
D:8:      layout_gridville, mainiacjoe_overflow_paths, grunt_qazlal_clouds,
          lemuel_coloured_pillars_altar
D:9:      layout_basic, nicolae_ru_path_of_blood,
          mainiacjoe_overflow_surrounded_room, lemuel_tele_altar, erik_orc_4
D:10:     layout_irregular_city, trog_three_pillars_becter, david_lair_generic,
          minmay_lizard_king
D:11:     layout_basic, serial_demonic, serial_demonic_f, serial_demonic_g,
          serial_demonic_a, serial_demonic_e, minivault_15
D:12:     layout_layer_cave, minivault_23
D:13:     minmay_open_boxes_in_corner, layout_stronghold, serial_glass,
          glass_columns_c, glass_columns_a, serial_park_tiny_pond
D:14:     layout_rooms, grunt_vaults_entry_tiered, xom_redecorated
D:15:     hellmonk_depths_entry_around_the_bend, layout_rooms,
          minmay_misc_feat_more_columns, enter_trove_1, hangedman_glass_teeth
Temple:   hellmonk_temple_rainy
Lair:1:   layout_chaotic_city
Lair:2:   layout_hall_layers, nicolae_swamp_entry_splash_gauntlet,
          infiniplex_staircase_pool_2
Lair:3:   layout_misc_corridors, spider_nest_entry_webs,
          cheibrodos_lair_caveside_slide
Lair:4:   layout_roguey, minmay_slime_entry_pillars,
          portal_ice_cave_entry_pillars_2, grunt_megastairs_4
Lair:5:   hangedman_lair_tendril_chambers, layout_big_grid,
          guppyfry_lair_end_dragon, uniq_urug
Swamp:1:  layout_basic_swamp, lemuel_altar_in_water, swamp_pool_4,
          nicolae_swamp_nymph_family_reunion, infiniplex_staircase_pool
Swamp:2:  layout_basic_swamp, evilmike_swamp_ruin_house_1,
          nicolae_swamp_trees_clearing, uniq_aizul
Swamp:3:  layout_basic_swamp, evilmike_swamp_ruin_house_4, uniq_louise
Swamp:4:  swamp, layout_basic_swamp, swamp_pool_1_2
Spider:1: nicolae_spider_mines_2
Spider:2: cheibrodos_forgotten_conduit, hangedman_spider_tarantella_strand
Spider:3: layout_spider_delve
Spider:4: hellmonk_spider_rune_endless_swarm, nicolae_spider_rock_and_or_roll,
          uniq_arachne
Slime:1:  layout_caves, cheibrodos_slime_lost_civilization_6
Slime:2:  layout_caves
Slime:3:  layout_caves
Slime:4:  layout_caves, uniq_dissolution
Slime:5:  slime_pit_nicolae_jellycorners
Orc:1:    layout_diamond_mine, nicolae_shop_vocational, uniq_gastronok
Orc:2:    st_orc_open, layout_caves, elf_legates
Elf:1:    minmay_elf_arrival_plus, layout_loops_cross, hangedman_elf_disciples,
          uniq_frances, uniq_nikola, uniq_asterion
Elf:2:    elven_hall_of_blades_hangedman_original [nicolae_blade_lattice],
          layout_geoelf_grid, portal_desolation_entry_nicolae_slug,
          serial_shops, nicolae_shop_crystal, basic_altar, hex_tiny,
          guppyfry_elf_garden
Elf:3:    minmay_elf_hall_curves, layout_onion_city, basic_altar, serial_shops,
          shop, nrook_mini_backslash, lemuel_flame_loot_1
Vaults:1: hangedman_vaults_restitches, nicolae_vaults_oval_intersection,
          ontoclasm_vaults_chip, vaults_room_door_hall, ontoclasm_vaults_twist,
          nicolae_vaults_twisting_passages, hangedman_vaults_stretched_pinwheel,
          v_rooms_3, nicolae_vaults_weapon_check,
          nicolae_vaults_little_squares_2, nicolae_vaults_double_plus_1,
          vaults_dpeg_ring, layout_vaults_chaotic_city
Vaults:2: hangedman_vaults_stretched_pinwheel,
          minmay_crypt_entry_simple_corners, nicolae_vaults_oval_intersection,
          minmay_guarded_unrand_secular_launcher, v_misc_23,
          ontoclasm_vaults_shuriken, grunt_vaults_swirl, nicolae_vaults_prndl,
          grunt_vaults_bifocal, nicolae_vaults_taking_the_gang_shopping,
          layout_vaults_omnicross, uniq_saint_roka
Vaults:3: ebering_ghost_rock_garden, nicolae_vaults_tetromino_L_2, v_misc_26,
          ontoclasm_vaults_ring_large, nicolae_vaults_wine_cellar,
          nicolae_vaults_offset_grid_hallway_3, nicolae_vaults_alarming,
          grunt_vaults_trifunnel, v_misc_1, nicolae_vaults_network_square,
          nicolae_vaults_offset_grid_hallway_1, v_misc_8,
          grunt_vaults_hallway_short, layout_vaults_omnibox, serial_shops, shop,
          uniq_sojobo
Vaults:4: vaults_standard_mumra_enter_the_diamond, nicolae_vaults_tetromino_Z_1,
          vaults_room_pools, hangedman_vaults_nails, layout_vaults_omnigrid,
          serial_shops, shop
Depths:1: nicolae_cairo_tiling_large, layout_basic, hell_entry, basic_altar,
          okawaru_ov_weapons_minmay, uniq_norris, uniq_boris
Depths:2: minmay_the_grid_octo_tiled_octocenter
          [minmay_the_grid_octo_thin_diamonds,
          minmay_the_grid_octo_checkerflower, minmay_the_grid_octo_empty,
          minmay_the_grid_octo_odd_swirl,
          minmay_the_grid_octo_prize_ultimate_mussel_roller,
          minmay_the_grid_square_5x5_moneybag,
          minmay_the_grid_square_5x5_minibox,
          minmay_the_grid_square_5x5_two_walls_b,
          minmay_the_grid_square_5x5_minimal], layout_long_grid,
          enter_ziggurat_b, abyss_entry, grunt_pan_entry_spiral,
          hangedman_decor_points, pf_hell_entry_tar_river, uniq_josephina
Depths:3: grunt_twist_and_shout, layout_honeycomb, abyss_entry_crystal,
          minmay_misc_feat_iff, hell_entry, minmay_shop_grove, uniq_xtahua
Depths:4: grunt_zot_entry_bicorn, layout_long_grid,
          abyss_entry_small_statue_room, hell_entry, minmay_misc_feat_x,
          infiniplex_enter_wizlab_spiral, kennysheep_random_hallway, uniq_jory

Skill      XL: |  1  2  3  4  5  6  7  8  9 10 11 12 13 14 15 16 17 18 19 20 21 22 23 24 25 26 |
---------------+-------------------------------------------------------------------------------+-----
Fighting       | 2 3 4 5 6 7 8 9 10 11 12 13 14 15 16 17 18 | 18.9
Short Blades   | 2 3 4 5 6 7 9 10 12 13 14 | 14.0
Stealth        | 1 2 3 4 |  4.0
Shields        | 1 2 3 4 5 6 7 8 9 10 11 12 13 14 15 16 18 19 | 19.0
Invocations    | 2 4 6 7 8 10 12 | 12.0
Spellcasting   | 3 4 6 7 8 9 10 | 10.0
Armour         | 1 3 4 5 7 8 9 10 | 10.0
Throwing       | 1 4 6 8 9 10 | 10.7
Evocations     | 4 6 8 |  8.0
Shapeshifting  | 5 12 16 17 18 | 18.9
Translocations | 5 7 8 |  8.0
Air Magic      | 4 |  4.0
Necromancy     | 1 6 10 11 | 11.6
Dodging        | |  1.5

Action                     |  1- 3 |  4- 6 |  7- 9 | 10-12 | 13-15 | 16-18 | 19-21 | 22-24 | 25-27 || total
---------------------------+-------+-------+-------+-------+-------+-------+-------+-------+-------++-------
  Melee: Short sword       |    67 |    75 |       |       |       |       |       |       |       ||   142
         Bite              |     8 |    51 |   162 |   404 |   925 |   929 |   932 |  1188 |   504 ||  5103
         Dagger            |       |   112 |   541 |   710 |       |       |       |       |       ||  1363
         Quick blade       |       |       |       |   282 |  1959 |  1927 |  1793 |  1997 |   678 ||  8636
  Throw: Dart              |       |     3 |       |    21 |     1 |       |       |       |       ||    25
         Javelin           |       |       |     7 |    16 |     2 |     1 |     1 |       |       ||    27
   Cast: Lesser Beckoning  |       |       |       |       |       |       |       |    20 |     2 ||    22
         Vhi's Electric Ch |       |       |       |       |       |       |       |    15 |    20 ||    35
         Fugue of the Fall |       |       |       |       |       |       |       |     7 |     1 ||     8
 Invoke: Heroism           |       |       |     3 |       |     2 |    10 |     2 |     3 |     2 ||    22
         Receive Weapon    |       |       |       |     1 |       |       |       |       |       ||     1
         Receive Armour    |       |       |       |       |     1 |       |       |       |       ||     1
         Finesse           |       |       |       |       |     2 |     7 |     3 |     5 |     3 ||    20
         Duel              |       |       |       |       |       |       |     1 |       |       ||     1
  Evoke: Wand              |       |     8 |       |     6 |       |     4 |       |       |       ||    18
    Use: Scroll            |       |       |    13 |    10 |    12 |     6 |    16 |     3 |     3 ||    63
         Potion            |       |       |     1 |     3 |       |     5 |     3 |     1 |     1 ||    14
   Stab: Paralysed         |       |     3 |       |       |       |     1 |       |       |       ||     4
         Sleeping          |       |     2 |     8 |       |     3 |     4 |     1 |    10 |     3 ||    31
         Distracted        |       |     1 |       |     1 |     1 |       |     1 |     4 |       ||     8
         Held in net/web   |       |       |       |       |       |     1 |       |       |       ||     1
 Armour: Leather armour    |    30 |    88 |   122 |       |       |       |       |       |       ||   240
         Scale mail        |       |       |   138 |   416 |   454 |   525 |   411 |       |       ||  1944
         Skin              |       |       |       |    12 |       |       |    92 |   995 |   184 ||  1283
         Ice dragon scales |       |       |       |       |    13 |       |       |       |       ||    13
  Dodge: Dodged            |    30 |    57 |   120 |   146 |   207 |   367 |   199 |   301 |   122 ||  1549
         Repelled          |       |       |     5 |    12 |    21 |    15 |    82 |    36 |    14 ||   185
  Block: Kite shield       |     8 |   100 |   255 |   420 |   590 |   759 |   118 |       |       ||  2250
         Tower shield      |       |       |       |       |       |       |   674 |  1907 |   476 ||  3057
         Reflection        |       |       |       |       |       |       |       |    27 |    11 ||    38
   Form: Statue            |       |       |       |       |       |       |     1 |       |       ||     1

Table legend: (Time is in decaauts)
 A = Elapsed time spent in this place.
 B = Non-inter-level travel time spent in this place.
 C = Inter-level travel time spent in this place.
 D = Time resting spent in this place.
 E = Time spent auto-exploring this place.
 F = Levels seen in this place.
 G = Mean time per level.
                   A        B        C        D        E       F      G
               +--------+--------+--------+--------+--------+-----+--------+
         Total |  55978 |  47885 |   8093 |   3697 |  27879 |  52 | 1076.5 |
       Dungeon |  17003 |  13798 |   3205 |    813 |   8983 |  15 | 1133.5 |
        Temple |     24 |      7 |     17 |      0 |      0 |   1 |   24.0 |
          Lair |   6598 |   5526 |   1072 |    454 |   3283 |   5 | 1319.6 |
         Swamp |   2315 |   2175 |    140 |    187 |   1273 |   4 |  578.8 |
   Spider Nest |   3753 |   3429 |    324 |    548 |   1478 |   4 |  938.2 |
    Slime Pits |   3418 |   3096 |    322 |    115 |   1368 |   5 |  683.6 |
  Orcish Mines |   1499 |    937 |    562 |     56 |    560 |   2 |  749.5 |
   Elven Halls |   3880 |   3194 |    686 |    148 |   1778 |   3 | 1293.3 |
        Vaults |   8847 |   7338 |   1509 |    664 |   4611 |   4 | 2211.8 |
        Depths |   5757 |   5506 |    251 |    472 |   3835 |   4 | 1439.2 |
         Sewer |    450 |    450 |      0 |      2 |     14 |   1 |  450.0 |
      Ice Cave |    866 |    866 |      0 |    140 |    296 |   1 |  866.0 |
        Wizlab |    636 |    636 |      0 |      9 |    204 |   1 |  636.0 |
    Desolation |    895 |    895 |      0 |     86 |    195 |   1 |  895.0 |
         Arena |     30 |     30 |      0 |      0 |      0 |   1 |   30.0 |
               +--------+--------+--------+--------+--------+-----+--------+

Top non-repeatable levels by time:
Vaults:1: 2726 daAuts
Vaults:2: 2272 daAuts
Vaults:4: 2011 daAuts
Vaults:3: 1836 daAuts
   Elf:3: 1830 daAuts
     D:9: 1752 daAuts
Depths:2: 1657 daAuts
Depths:3: 1651 daAuts
     D:6: 1646 daAuts
  Lair:5: 1621 daAuts
    D:10: 1474 daAuts
    D:13: 1471 daAuts
Depths:4: 1423 daAuts
     D:4: 1378 daAuts
  Lair:1: 1342 daAuts
